 Dungeon Crawl Stone Soup version 0.31-a0-691-g409c26aa35 (webtiles) character file.

Game seed: 7961367035961104691

42 qw the Shooter (level 3, 0/21 HPs)
             Began as a Gargoyle Hunter on Sept 6, 2023.
             Killed by nerve-wracking pain
             ... invoked by Grinder
              (5 damage)
             ... on level 3 of the Dungeon.
             The game lasted 00:00:28 (1088 turns).

qw the Shooter (Gargoyle Hunter)                    Turns: 1088, Time: 00:00:29

Health: 0/21       AC: 13    Str: 14    XL:     3   Next: 54%
Magic:  3/3        EV: 10    Int:  9    God:
Gold:   128        SH:  0    Dex: 15    Spells: 2/2 levels left

rFire   . . .        Y - +0 shortbow
rCold   . . .        (shield currently unavailable)
rNeg    + . .        b - +0 ring mail
rPois   inf          i - +0 helmet
rElec   +            f - +1 cloak
rCorr   .            j - +0 pair of gloves
SInv    .            e - +0 pair of boots
Will    +....        (no amulet)
Stlth   +            d - ring of willpower
HPRegen 0.23/turn    (no ring)
MPRegen 0.08/turn

%: no passive effects
@: no status effects
A: sickness immunity, AC +3, negative energy resistance 1, electricity
resistance, torment resistance 1, petrification resistance
a: no special abilities


You were on level 3 of the Dungeon.
You visited 1 branch of the dungeon, and saw 3 of its levels.

You collected 128 gold pieces.


Innate Abilities, Weirdness & Mutations

You are immune to sickness and miasma.
Your stone body is resilient. (AC +3)
You are immune to poison.
You resist negative energy. (rN+)
You are resistant to electric shocks. (rElec)
You are resistant to unholy torment.
You are immune to petrification.


   Skills:
 + Level 2.2 Fighting
 - Level 5.0 Ranged Weapons
 - Level 1.2 Armour
 - Level 1.5 Dodging
 - Level 1.1 Stealth


You had 2 spell levels left.
You didn't know any spells.
Your spell library was empty.

Inventory:

Hand Weapons
 Y - a +0 shortbow (weapon)
Armour
 b - a +0 ring mail (worn)
 e - a +0 pair of boots (worn)
 f - a +1 cloak (worn)
 i - a +0 helmet (worn)
 j - a +0 pair of gloves (worn)
Jewellery
 d - a ring of willpower (left hand)
Potions
 a - a potion of mutation {unknown}
 g - a potion of curing {unknown}
 h - a potion of heal wounds {unknown}
 l - 2 potions of attraction {unknown}
 m - a potion of might {unknown}

Dungeon Overview and Level Annotations

Branches:
Dungeon (3/15)

Altars:

Annotations:
D:3 Grinder


Message History

Grinder is lightly wounded.
Grinder hits you but does no damage.
You shoot an arrow. The arrow closely misses Grinder.
Grinder hits you but does no damage.
You shoot an arrow. The arrow completely misses Grinder.
Grinder gestures at you. You resist with significant effort.
Grinder gestures at you. You resist with significant effort.
You shoot an arrow. The arrow closely misses Grinder.
Grinder hits you!
You writhe in agony.
You shoot an arrow. The arrow closely misses Grinder.
Grinder barely misses you.
You shoot an arrow. The arrow closely misses Grinder.
Grinder blinks!
You start resting.
Grinder is nearby!
You shoot an arrow. The arrow closely misses Grinder.
You shoot an arrow. The arrow barely misses Grinder.
You shoot an arrow. The arrow hits Grinder.
Grinder is lightly wounded.
You shoot an arrow.
The arrow hits Grinder but does no damage.
Grinder is lightly wounded.
Grinder blinks!
You shoot an arrow. The arrow hits Grinder.
Grinder is lightly wounded.
Grinder gestures at you. Pain shoots through your body!
You shoot an arrow. The arrow hits Grinder.
Grinder is moderately wounded.
You shoot an arrow. The arrow hits Grinder!
Grinder is moderately wounded.
You shoot an arrow. The arrow barely misses Grinder.
You shoot an arrow. The arrow hits Grinder.
Grinder is heavily wounded.
Grinder gestures at you. Pain shoots through your body!
You die...
Grinder says, "Now the real fun starts!"

#. #.####
###.#..
.....# #..%#
###### #...#
......##
#...#
#...###...#
#@5.....#
#...##....##
##.###.....#
##.###...#|#
.^.......#.#
..#.###..##.#
##.......##.#
#..###.###.#
#.# #.# #.#


You could see Grinder.

Vanquished Creatures
  An adder (D:2)
  A worm (D:2)
  2 dart slugs
  An endoplasm (D:1)
  A giant cockroach (D:1)
  A goblin (D:1)
  4 hobgoblins
  A quokka (D:2)
  4 ball pythons
  3 bats (D:1)
  A frilled lizard (D:1)
  4 kobolds
  3 rats
27 creatures vanquished.

Notes
Turn   | Place    | Note
-------+----------+-------------------------------------------
     0 | D:1      | qw the Gargoyle Hunter began the quest for the Orb.
     0 | D:1      | Reached XP level 1. HP: 12/12 MP: 1/1
     0 | D:1      | 0 ||| qw: Version: 0.3-a-76-g4403597
     0 | D:1      | 0 ||| qw: Game counter: 8
     0 | D:1      | 0 ||| qw: Melee chars always use a shield: true
     0 | D:1      | 0 ||| qw: God list: Okawaru
     0 | D:1      | 0 ||| qw: Allow faded altars: false
     0 | D:1      | 0 ||| qw: Do Orc after clearing Dungeon:15 true
     0 | D:1      | 0 ||| qw: Do second Lair branch before Depths: true
     0 | D:1      | 0 ||| qw: Lair rune preference: random
     0 | D:1      | 0 ||| qw: Goals: Normal
     0 | D:1      | 0 ||| PLANNING D:1-11
   121 | D:1      | Reached XP level 2. HP: 17/17 MP: 2/2
   469 | D:1      | 469 ||| UPGRADING to +0 pair of boots.
   474 | D:1      | 474 ||| UPGRADING to +1 cloak.
   479 | D:1      | 479 ||| UPGRADING to +0 helmet.
   484 | D:1      | 484 ||| UPGRADING to +0 pair of gloves.
   489 | D:1      | 489 ||| UPGRADING to ring of willpower.
   490 | D:1      | 490 ||| READING scroll labelled RANUTZ QUASHA.
   501 | D:1      | 501 ||| DROPPING scroll of butterflies.
   555 | D:2      | Reached skill level 1 in Armour
   555 | D:2      | Reached XP level 3. HP: 21/21 MP: 3/3
   921 | D:2      | Reached skill level 5 in Ranged Weapons
   999 | D:2      | 999 ||| UPGRADING to +0 ring mail.
  1009 | D:2      | 1009 ||| DROPPING +0 leather armour.
  1010 | D:2      | 1010 ||| READING scroll labelled ZUDIERPHY MOL.
  1067 | D:3      | Noticed Grinder
  1076 | D:3      | HP: 5/21 [Grinder (3)]
  1084 | D:3      | HP: 4/21 [Grinder/nerve-wracking pain (3)]
  1088 | D:3      | Killed from afar by Grinder

Levels and vault maps discovered:
D:1:      dpeg_arrival_another_circle, layout_rooms
D:2:      layout_rooms, minivault_26, item_on_display_b
D:3:      layout_loops_ring, serial_shops, shop, solitary_fountain,
          uniq_terence, uniq_grinder

Skill      XL: |  1  2  3 |
---------------+----------+-----
Armour         | 1 |  1.2
Ranged Weapons | 5 |  5.0
Fighting       | |  2.2
Dodging        | |  1.5
Stealth        | |  1.1

Action                     || total
---------------------------++-------
   Fire: Shortbow          ||    98
    Use: Scroll            ||     2
 Armour: Leather armour    ||     8
         Ring mail         ||     3
  Dodge: Dodged            ||     5

Table legend:
 A = Non-vault XP
 B = Vault XP
 C = Vault XP percentage of total XP
 D = Non-vault monster count
 E = Vault monster count
 F = Vault count percentage of total count
                 A         B        C        D         E       F
            +---------+---------+-------+---------+---------+-------
      Total |      60 |       0 |   0.0 |      27 |       0 |   0.0
            +---------+---------+-------+---------+---------+-------
        D:1 |      26 |       0 |   0.0 |      16 |       0 |   0.0
        D:2 |      33 |       0 |   0.0 |      10 |       0 |   0.0
        D:3 |       1 |       0 |   0.0 |       1 |       0 |   0.0
            +---------+---------+-------+---------+---------+-------
